 Dungeon Crawl Stone Soup version 0.24-a0-584-g9d6b971ae4 (webtiles) character file.

Game seed: 3063960269382857344, levelgen mode: deterministic

148 Gynju the Chopper (level 5, -1/45 HPs)
             Began as a Hill Orc Fighter on Sept 6, 2019.
             Succumbed to an orc wizard's poison
             ... on level 3 of the Dungeon.
             The game lasted 00:05:07 (3204 turns).

Gynju the Chopper (Hill Orc Fighter)                Turns: 3204, Time: 00:05:08

Health: -1/45      AC:  6    Str: 20    XL:     5   Next: 30%
Magic:  5/5        EV:  7    Int:  8    God:
Gold:   97         SH:  0    Dex: 10    Spells: 3/4 levels left

rFire    . . .     SeeInvis .   a - +0 war axe
rCold    . . .     Gourm    .   c - +0 shield
rNeg     . . .     Faith    .   b - +0 scale mail
rPois    .         Spirit   .   (no helmet)
rElec    .         Reflect  .   (no cloak)
rCorr    .         Harm     .   (no gloves)
MR       .....                  (no boots)
Stlth    ..........             (no amulet)
HPRegen  0.15/turn              (no ring)
MPRegen  0.09/turn              (no ring)

@: confused, lethally poisoned (-1 -> -41)
A: no striking features
a: no special abilities


You were on level 3 of the Dungeon.
You were not hungry.

You visited 1 branch of the dungeon, and saw 4 of its levels.

You collected 97 gold pieces.

Inventory:

Hand Weapons
 a - a +0 war axe (weapon)
Armour
 b - a +0 scale mail (worn)
 c - a +0 shield (worn)
Wands
 r - a wand of polymorph (14)
Scrolls
 e - 4 scrolls of identify {unknown}
 g - a scroll of noise {unknown}
 h - 2 scrolls of blinking {unknown}
 l - a scroll of magic mapping {unknown}
 m - 9 scrolls of remove curse {unknown}
 s - 2 scrolls of enchant weapon {unknown}
Potions
 d - 4 potions of might
 i - a potion of curing {@q1}
 j - a potion of heal wounds {unknown}
 k - a potion of brilliance {unknown}
 o - a potion of lignification {unknown}
 p - a potion of agility {unknown}
 q - a potion of flight {unknown}
Comestibles
 f - 9 rations


   Skills:
 - Level 3.6 Fighting
 + Level 6.5 Axes
 - Level 3.2 Armour
 - Level 3.2 Shields
 + Level 1.6 Necromancy


You had 3 spell levels left.
You knew the following spells:

 Your Spells              Type           Power        Failure   Level  Hunger
a - Animate Skeleton      Necr           N/A          96%         1    ##.....

Your spell library contained the following spells:

 Spells                   Type           Power        Failure   Level  Hunger
 Apportation              Tloc           #.....       99%         1    ##.....
 Confusing Touch          Hex            #.....       99%         1    ##.....
 Summon Small Mammal      Summ           #...         99%         1    ##.....


Dungeon Overview and Level Annotations

Branches:
Dungeon (4/15)
 Temple: D:4-7

Altars:
Elyvilon
Gozag
Hepliaklqana
Makhleb
Okawaru
Yredelemnul


Message History

The orc wizard is moderately wounded.
* * * LOW HITPOINT WARNING * * *
You feel very sick.
The orc wizard hits you with a +3 dagger of venom.
* * * LOW HITPOINT WARNING * * *
* * * LOW HITPOINT WARNING * * *
You feel very sick.
The orc wizard hits you but does no damage.
You are more poisoned.
You bump into the rock wall.
* * * LOW HITPOINT WARNING * * *
You feel very sick.
The orc wizard hits you but does no damage.
* * * LOW HITPOINT WARNING * * *
You feel very sick.
The orc wizard hits you but does no damage.
You are more poisoned.
Things that are here:
a +0 hand axe; an orc corpse You die...

#.......####.## #........##.##
#........)...## ###......###..##
##### ##### #.##.......#.#
....####...# ######.####.##.....
##.......#.####......####.##...##
##..####..................##...#
....# ######.#.@##.########...#
.##.# #.#)o)#.# #...# ..#.#
#######.#.#.#.# #...# ....#
#.............########.(.## ...##
#.............#.....)(..... .).#
#..#...##.#.#.............. ..##
#.....###.#.###............ .##
#.....###..#.#########...## ..#
###.......###.# #...#


You could see an orc wizard.

Vanquished Creatures
  A worker ant (D:3)
  3 adders
  A worm (D:2)
  5 dart slugs
  2 leopard geckos (D:2)
  5 orcs (D:3)
  9 bats
  6 giant cockroaches
  7 goblins
  5 hobgoblins
  6 jackals
  4 frilled lizards
  11 kobolds
  11 rats
76 creatures vanquished.

Notes
Turn   | Place    | Note
-------+----------+-------------------------------------------
     0 | D:1      | Gynju the Hill Orc Fighter began the quest for the Orb.
     0 | D:1      | Reached XP level 1. HP: 19/19 MP: 1/1
    16 | D:1      | Reached skill level 3 in Axes
   141 | D:1      | Reached XP level 2. HP: 26/26 MP: 2/2
   258 | D:1      | Reached skill level 4 in Axes
   481 | D:1      | Reached XP level 3. HP: 31/31 MP: 3/3
   996 | D:2      | Found an opulent altar of Gozag.
   996 | D:2      | Found a white marble altar of Elyvilon.
   998 | D:2      | Found a basalt altar of Yredelemnul.
   998 | D:2      | Found a hazy altar of Hepliaklqana.
  1008 | D:2      | Found an iron altar of Okawaru.
  1183 | D:2      | Reached skill level 5 in Axes
  1496 | D:2      | Reached XP level 4. HP: 39/39 MP: 4/4
  1835 | D:3      | Reached skill level 6 in Axes
  1909 | D:3      | Learned a level 1 spell: Animate Skeleton
  2511 | D:3      | Reached skill level 1 in Necromancy
  2511 | D:3      | Reached XP level 5. HP: 6/45 MP: 5/5
  3185 | D:4      | Found a burning altar of Makhleb.
  3203 | D:3      | HP: 1/45 [poisoned by an orc wizard]
  3204 | D:3      | Succumbed to an orc wizard's poison

Levels and vault maps discovered:
D:1:      erik_arrival_triangle_small, layout_loops_corners
D:2:      kennysheep_big_flooded_room, layout_rooms, grunt_temple_overflow_open,
          kennysheep_generic_room_2
D:3:      layout_loops_cross, first_ration
D:4:      cheibrodos_old_hovel, layout_cave_pods, fedhas_bush_and_centaur_altar,
          serial_shops, nicolae_shop_competitors_out_of_business, shop, shop,
          shop, nicolae_shop_overgrown_old_shop, makhleb_heckhound_becter

Skill      XL: |  1  2  3  4 |
---------------+-------------+-----
Axes           | 3 4 5 6 |  6.5
Necromancy     | 1 |  1.6
Fighting       | |  3.6
Armour         | |  3.2
Shields        | |  3.2

Action                   |  1- 3 |  4- 6 || total
-------------------------+-------+-------++-------
Melee: War axe           |   101 |   135 ||   236
  Use: Potion            |       |     1 ||     1
  Eat: Chunk             |     2 |     6 ||     8
Armor: Scale mail        |    34 |    77 ||   111
Dodge: Dodged            |    35 |    36 ||    71
Block: Shield            |    53 |    74 ||   127

Table legend:
 A = Non-vault XP
 B = Vault XP
 C = Vault XP percentage of total XP
 D = Non-vault monster count
 E = Vault monster count
 F = Vault count percentage of total count
                 A         B        C        D         E       F
            +---------+---------+-------+---------+---------+-------
      Total |     204 |       8 |   3.8 |      72 |       4 |   5.3
            +---------+---------+-------+---------+---------+-------
        D:1 |      40 |       0 |   0.0 |      22 |       0 |   0.0
        D:2 |      54 |       8 |  12.9 |      22 |       4 |  15.4
        D:3 |     110 |       0 |   0.0 |      28 |       0 |   0.0
            +---------+---------+-------+---------+---------+-------
